PAAA
BLOOMINGTON LONGNECKS @ NAPERVILLE BATTLEKINGS
08/07/2021
 
TOP OF THE 1ST
Bloomington Longnecks batting - Pitching for Naperville Battlekings : RHP Jim Unknown
Pitching: RHP Jim Unknown
Batting: LHB John Doyle 0-0: Called Strike
0-1: Ball
1-1: Ground out 5-3 (Groundball, 5S)
Batting: RHB Mike Neal 0-0: Ball
1-0: Foul Ball, location: 2F
1-1: Foul Ball, location: 2F
1-2: Ball
2-2: SINGLE (Groundball, 6MD)
Batting: RHB Tom Potts 0-0: Called Strike
0-1: Ball
1-1: Ball
2-1: Ball
3-1: Swinging Strike
3-2: Foul Ball, location: 2F
3-2: Foul Ball, location: 2F
3-2: Foul Ball, location: 2F
3-2: Foul Ball, location: 2F
3-2: Foul Ball, location: 2F
3-2: Foul Ball, location: 2F
3-2: Base on Balls
Mike Neal to second
Batting: RHB Darrell Terwey 0-0: Ball
1-0: Foul Ball, location: 2F
1-1: Foul Ball, location: 2F
1-2: Ball
2-2: SINGLE (Groundball, 6MD) (infield hit)
Mike Neal to third
Tom Potts to second
Batting: RHB Kyle Bridges 0-0: Foul Ball, location: 2F
0-1: Ball
1-1: Fly out, F7 (Line Drive, 78S)
Batting: RHB Noel Livingston 0-0: Ball
1-0: Swinging Strike
1-1: SINGLE (Line Drive, 56)
Mike Neal scores
Tom Potts to third
Darrell Terwey to second
Runner from 3rd tries for Home, SAFE, no throw or cutoff
Batting: RHB António Meléndez 0-0: Fly out, F8 (Flyball, 8LS)
Top of the 1st over - 2 run(s), 3 hit(s), 0 error(s), 2 left on base; Bloomington 2 - Naperville 0
BOTTOM OF THE 1ST
Naperville Battlekings batting - Pitching for Bloomington Longnecks : RHP Graham Wilson
Pitching: RHP Graham Wilson
Batting: RHB Oliver Aranda 0-0: Ball
1-0: Called Strike
1-1: Ball
2-1: Ball
3-1: Ground out 6-3 (Groundball, 6)
Batting: RHB Tim Little 0-0: Ball
1-0: Ball
2-0: Ground out 5-3 (Groundball, 56)
Batting: LHB Jack Mason 0-0: Ball
1-0: Ball
2-0: Called Strike
2-1: Ball
3-1: SINGLE (Line Drive, 89S)
Batting: LHB Eddie Flynn 0-0: Ground out U3 (Groundball, 3L)
Bottom of the 1st over - 0 run(s), 1 hit(s), 0 error(s), 1 left on base; Bloomington 2 - Naperville 0
TOP OF THE 2ND
Bloomington Longnecks batting - Pitching for Naperville Battlekings : RHP Jim Unknown
Batting: RHB Lawrence Olsen 0-0: Ground out 4-3 (Groundball, 4)
Batting: SHB Jack Bell 0-0: Called Strike
0-1: Swinging Strike
0-2: Strikes out looking
Batting: LHB John Doyle 0-0: Called Strike
0-1: Called Strike
0-2: Ground out U3 (Groundball, 3L)
Top of the 2nd over - 0 run(s), 0 hit(s), 0 error(s), 0 left on base; Bloomington 2 - Naperville 0
BOTTOM OF THE 2ND
Naperville Battlekings batting - Pitching for Bloomington Longnecks : RHP Graham Wilson
Batting: RHB Joe Ferneyhough 0-0: Ball
1-0: Called Strike
1-1: Ball
2-1: Fly out, F7 (Flyball, 78XD)
Batting: LHB Cristo Ramírez 0-0: Swinging Strike
0-1: Ball
1-1: Ball
2-1: Foul Ball, location: 2F
2-2: Ball
3-2: Foul Ball, location: 2F
3-2: Hit by Pitch
Batting: RHB Marcus Wade 0-0: Ball
1-0: Called Strike
1-1: Foul Ball, location: 2F
1-2: Strikes out swinging
Batting: RHB Tony Sánchez 0-0: Called Strike
0-1: Called Strike
0-2: Foul Ball, location: 2F
0-2: Foul Ball, location: 2F
0-2: Strikes out swinging
Bottom of the 2nd over - 0 run(s), 0 hit(s), 0 error(s), 1 left on base; Bloomington 2 - Naperville 0
TOP OF THE 3RD
Bloomington Longnecks batting - Pitching for Naperville Battlekings : RHP Jim Unknown
Batting: RHB Mike Neal 0-0: Foul Ball, location: 2F
0-1: Ground out 6-3 (Groundball, 6)
Batting: RHB Tom Potts 0-0: DOUBLE (Line Drive, 7LM)
Batting: RHB Darrell Terwey 0-0: Called Strike
0-1: Ball
1-1: Swinging Strike
1-2: Ball
2-2: Ball
3-2: Strikes out swinging
Batting: RHB Kyle Bridges 0-0: Ball
1-0: Ball
2-0: Foul Ball, location: 2F
2-1: Foul Ball, location: 2F
2-2: Foul Ball, location: 2F
2-2: Ball
3-2: Fly out, F7 (Line Drive, 78M)
Top of the 3rd over - 0 run(s), 1 hit(s), 0 error(s), 1 left on base; Bloomington 2 - Naperville 0
BOTTOM OF THE 3RD
Naperville Battlekings batting - Pitching for Bloomington Longnecks : RHP Graham Wilson
Batting: SHB Avery Little 0-0: Called Strike
0-1: Foul Ball, location: 2F
0-2: Ball
1-2: Ball
2-2: Strikes out looking
Batting: RHB Oliver Aranda 0-0: Ball
1-0: Foul Ball, location: 2F
1-1: Ball
2-1: SINGLE (Flyball, 89S)
Batting: RHB Tim Little 0-0: Ball
1-0: Ground out 5-3 (Groundball, 5S)
Oliver Aranda to second
Batting: LHB Jack Mason 0-0: Foul Ball, location: 2F
0-1: Foul Ball, location: 2F
0-2: Ball
1-2: Strikes out swinging
Bottom of the 3rd over - 0 run(s), 1 hit(s), 0 error(s), 1 left on base; Bloomington 2 - Naperville 0
TOP OF THE 4TH
Bloomington Longnecks batting - Pitching for Naperville Battlekings : RHP Jim Unknown
Batting: RHB Noel Livingston 0-0: Ball
1-0: Ball
2-0: Ball
3-0: Called Strike
3-1: Base on Balls
Batting: RHB António Meléndez 0-0: Called Strike
0-1: Ball
1-1: SINGLE (Flyball, 78S)
Noel Livingston to second
Batting: RHB Lawrence Olsen 0-0: Called Strike
0-1: Grounds into double play, 6-4-3 (Groundball, 6M)
Noel Livingston to third
Batting: SHB Jack Bell 0-0: Swinging Strike
0-1: Called Strike
0-2: Foul Ball, location: 2F
0-2: Foul Ball, location: 2F
0-2: Strikes out swinging
Top of the 4th over - 0 run(s), 1 hit(s), 0 error(s), 1 left on base; Bloomington 2 - Naperville 0
BOTTOM OF THE 4TH
Naperville Battlekings batting - Pitching for Bloomington Longnecks : RHP Graham Wilson
Batting: LHB Eddie Flynn 0-0: Called Strike
0-1: Ball
1-1: Foul Ball, location: 2F
1-2: Foul Ball, location: 2F
1-2: Foul Ball, location: 2F
1-2: Ball
2-2: Ball
3-2: Base on Balls
Batting: RHB Joe Ferneyhough 0-0: Called Strike
0-1: Ball
1-1: Grounds into double play, 6-4-3 (Groundball, 6)
Batting: LHB Cristo Ramírez 0-0: Ball
1-0: Foul Ball, location: 2F
1-1: Ground out 4-3 (Groundball, 34)
Bottom of the 4th over - 0 run(s), 0 hit(s), 0 error(s), 0 left on base; Bloomington 2 - Naperville 0
TOP OF THE 5TH
Bloomington Longnecks batting - Pitching for Naperville Battlekings : RHP Jim Unknown
Batting: LHB John Doyle 0-0: SINGLE (Flyball, 78M)
Batting: RHB Mike Neal 0-0: Ball
Throwing error on steal attempt, E2
John Doyle to third
1-0: Foul Ball, location: 2F
1-1: Foul Ball, location: 2F
1-2: SINGLE (Groundball, 56)
John Doyle scores
Batting: RHB Tom Potts 0-0: Ball
1-0: Foul Ball, location: 2F
1-1: Ball
2-1: Foul Ball, location: 2F
2-2: Foul Ball, location: 2F
2-2: Ball
3-2: SINGLE (Flyball, 9M)
Mike Neal to second
Runner from 2nd tries for 3rd, SAFE, throw made to third
Tom Potts to second
Batting: RHB Darrell Terwey 0-0: Called Strike
0-1: Called Strike
0-2: Ball
1-2: Strikes out looking
Batting: RHB Kyle Bridges 0-0: Intentional Walk
Batting: RHB Noel Livingston 0-0: Foul Ball, location: 2F
0-1: Ball
1-1: Foul Ball, location: 2F
1-2: Ball
2-2: DOUBLE (Line Drive, 7LM)
Mike Neal scores
Tom Potts scores
Kyle Bridges to third
Batting: RHB António Meléndez 0-0: Ball
1-0: Called Strike
1-1: Ball
2-1: Ball
3-1: Ground out 6-3 (Groundball, 6M)
Kyle Bridges scores
Noel Livingston to third
Batting: RHB Lawrence Olsen 0-0: Called Strike
0-1: Fly out, F3 (Popup, 3L)
Top of the 5th over - 4 run(s), 4 hit(s), 1 error(s), 1 left on base; Bloomington 6 - Naperville 0
BOTTOM OF THE 5TH
Naperville Battlekings batting - Pitching for Bloomington Longnecks : RHP Graham Wilson
Batting: RHB Marcus Wade 0-0: Called Strike
0-1: Ball
1-1: Foul Ball, location: 2F
1-2: Fly out, F8 (Flyball, 8RM)
Batting: RHB Tony Sánchez 0-0: Ball
1-0: Foul Ball, location: 2F
1-1: Fly out, F7 (Flyball, 78M)
Batting: SHB Avery Little 0-0: Called Strike
0-1: Ball
1-1: Foul Ball, location: 2F
1-2: Foul Ball, location: 2F
1-2: Ground out 4-3 (Groundball, 4)
Bottom of the 5th over - 0 run(s), 0 hit(s), 0 error(s), 0 left on base; Bloomington 6 - Naperville 0
TOP OF THE 6TH
Bloomington Longnecks batting - Pitching for Naperville Battlekings : RHP Jim Unknown
Pitching: RHP Waylon Anderson
Batting: SHB Jack Bell 0-0: Swinging Strike
0-1: Ball
1-1: Ball
2-1: Ground out 1-3 (Groundball, 13)
Batting: LHB John Doyle 0-0: Called Strike
0-1: Swinging Strike
0-2: Fly out, F8 (Flyball, 8RM)
Batting: RHB Mike Neal 0-0: Called Strike
0-1: Ball
1-1: Ball
2-1: Ground out 6-3 (Groundball, 6)
Top of the 6th over - 0 run(s), 0 hit(s), 0 error(s), 0 left on base; Bloomington 6 - Naperville 0
BOTTOM OF THE 6TH
Naperville Battlekings batting - Pitching for Bloomington Longnecks : RHP Graham Wilson
Batting: RHB Oliver Aranda 0-0: Called Strike
0-1: Swinging Strike
0-2: Fly out, F8 (Flyball, 8LM)
Batting: RHB Tim Little 0-0: Swinging Strike
0-1: Foul Ball, location: 2F
0-2: Ball
1-2: Foul Ball, location: 2F
1-2: Ball
2-2: Foul Ball, location: 2F
2-2: Fly out, F9 (Popup, 4D)
Batting: LHB Jack Mason 0-0: Ball
1-0: Ball
2-0: Called Strike
2-1: Foul Ball, location: 2F
2-2: Foul Ball, location: 2F
2-2: Foul Ball, location: 2F
2-2: Ground out 1-3 (Groundball, 23)
Bottom of the 6th over - 0 run(s), 0 hit(s), 0 error(s), 0 left on base; Bloomington 6 - Naperville 0
TOP OF THE 7TH
Bloomington Longnecks batting - Pitching for Naperville Battlekings : RHP Waylon Anderson
Batting: RHB Tom Potts 0-0: Called Strike
0-1: DOUBLE (Line Drive, 5L)
Batting: RHB Darrell Terwey 0-0: Ground out 1-3 (Groundball, 15)
Batting: RHB Kyle Bridges 0-0: Ball
1-0: Ball
2-0: Ball
3-0: Base on Balls
Batting: RHB Noel Livingston 0-0: Ball
1-0: Foul Ball, location: 2F
1-1: Called Strike
1-2: Foul Ball, location: 2F
1-2: Strikes out looking
Batting: RHB António Meléndez 0-0: Ball
1-0: Ball
2-0: Foul Ball, location: 2F
2-1: Ball
3-1: DOUBLE (Flyball, 78D)
Tom Potts scores
Kyle Bridges to third
Batting: RHB Lawrence Olsen 0-0: Swinging Strike
0-1: Foul Ball, location: 2F
0-2: Ball
1-2: Ball
2-2: Foul Ball, location: 2F
2-2: Fly out, F9 (Line Drive, 9M)
Top of the 7th over - 1 run(s), 2 hit(s), 0 error(s), 2 left on base; Bloomington 7 - Naperville 0
BOTTOM OF THE 7TH
Naperville Battlekings batting - Pitching for Bloomington Longnecks : RHP Graham Wilson
Batting: LHB Eddie Flynn 0-0: DOUBLE (Line Drive, 78D)
Batting: RHB Joe Ferneyhough 0-0: Called Strike
0-1: Called Strike
0-2: Foul Ball, location: 2F
0-2: Strikes out looking
Batting: LHB Cristo Ramírez 0-0: Ball
1-0: Ground out 4-3 (Groundball, 4)
Eddie Flynn to third
Batting: RHB Marcus Wade 0-0: Fly out, F8 (Flyball, 8LM)
Bottom of the 7th over - 0 run(s), 1 hit(s), 0 error(s), 1 left on base; Bloomington 7 - Naperville 0
TOP OF THE 8TH
Bloomington Longnecks batting - Pitching for Naperville Battlekings : RHP Waylon Anderson
Batting: SHB Jack Bell 0-0: Ball
1-0: Ball
2-0: SINGLE (Line Drive, 9LS)
Batting: LHB John Doyle 0-0: Sac Bunt - play at first, batter OUT! 3-4
Jack Bell to second
Batting: RHB Mike Neal 0-0: Fly out, F5 (Line Drive, 56)
Batting: RHB Tom Potts 0-0: Swinging Strike
0-1: Ball
1-1: Fly out, F6 (Line Drive, 56D)
Top of the 8th over - 0 run(s), 1 hit(s), 0 error(s), 1 left on base; Bloomington 7 - Naperville 0
BOTTOM OF THE 8TH
Naperville Battlekings batting - Pitching for Bloomington Longnecks : RHP Graham Wilson
Now in LF: Carl Pierce
Batting: RHB Tony Sánchez 0-0: Swinging Strike
0-1: Ball
1-1: Ball
2-1: Called Strike
2-2: Ball
3-2: Base on Balls
Batting: SHB Avery Little 0-0: Ball
1-0: Called Strike
1-1: Foul Ball, location: 2F
1-2: Foul Ball, location: 2F
1-2: Grounds into double play, 3-6-1 (Groundball, 3)
Batting: RHB Oliver Aranda 0-0: Called Strike
0-1: Foul Ball, location: 2F
0-2: Fly out, F9 (Flyball, 89M)
Bottom of the 8th over - 0 run(s), 0 hit(s), 0 error(s), 0 left on base; Bloomington 7 - Naperville 0
TOP OF THE 9TH
Bloomington Longnecks batting - Pitching for Naperville Battlekings : RHP Waylon Anderson
Batting: RHB Darrell Terwey 0-0: Ball
1-0: Foul Ball, location: 2F
1-1: Foul Ball, location: 2F
1-2: Fly out, F1 (Line Drive, 13)
Batting: RHB Kyle Bridges 0-0: Ball
1-0: Ball
2-0: Called Strike
2-1: Called Strike
2-2: DOUBLE (Line Drive, 78M)
Pitching: RHP David Francisco
Batting: RHB Noel Livingston 0-0: Ball
1-0: Called Strike
1-1: Foul Ball, location: 2F
1-2: Strikes out swinging
Batting: RHB António Meléndez 0-0: Ball
1-0: Ball
2-0: Called Strike
2-1: Swinging Strike
2-2: Strikes out swinging
Top of the 9th over - 0 run(s), 1 hit(s), 0 error(s), 1 left on base; Bloomington 7 - Naperville 0
BOTTOM OF THE 9TH
Naperville Battlekings batting - Pitching for Bloomington Longnecks : RHP Graham Wilson
Now at C: Randy Galloway
Batting: RHB Tim Little 0-0: Ball
1-0: Ball
2-0: Foul Ball, location: 2F
2-1: Called Strike
2-2: Ground out 5-3 (Groundball, 56S)
Pinch Hitting: RHB Jim Unknown 0-0: Called Strike
0-1: Called Strike
0-2: Strikes out swinging
Batting: LHB Eddie Flynn 0-0: Ball
1-0: Ball
2-0: Ball
3-0: Called Strike
3-1: Base on Balls
Batting: RHB Joe Ferneyhough 0-0: Fly out, F9 (Flyball, 9S)
Bottom of the 9th over - 0 run(s), 0 hit(s), 0 error(s), 1 left on base; Bloomington 7 - Naperville 0
This league is powered by Out of the Park Baseball, the baseball management simulation game for PC, Mac and Linux
Friday, January 22nd, 2016 - OOTP Baseball 16.9 Build 39